ORI
UNIVERSITY OF VIRGINIA CAVALIERS @ UNIVERSITY OF NEBRASKA CORNHUSKERS
07/31/2046
 
TOP OF THE 1ST
University of Virginia Cavaliers batting - Pitching for University of Nebraska Cornhuskers : LHP Ed Thorpe Jr.
Pitching: LHP Ed Thorpe Jr.
Batting: RHB Adrian Kriston 0-0: Ball
1-0: Foul Ball, location: 2F
1-1: Ball
2-1: Ball
3-1: Ground out 5-3 (Groundball, 56S, EV 80.6 MPH)
Batting: LHB Scott Simon 0-0: Ball
1-0: Called Strike
1-1: Ball
2-1: Ground out 4-3 (Groundball, 4, EV 83.1 MPH)
Batting: RHB Corey Bosley 0-0: Swinging Strike
0-1: Swinging Strike
0-2: Ball
1-2: Strikes out looking
Top of the 1st over - 0 runs, 0 hits, 0 errors, 0 left on base; University of Virginia 0 - University of Nebraska 0
BOTTOM OF THE 1ST
University of Nebraska Cornhuskers batting - Pitching for University of Virginia Cavaliers : RHP Danny Aviles
Pitching: RHP Danny Aviles
Batting: LHB Luis Ponce 0-0: Ball
1-0: Swinging Strike
1-1: Swinging Strike
1-2: Ball
2-2: Strikes out swinging
Batting: SHB Ed Thorpe Jr. 0-0: Called Strike
0-1: Ball
1-1: Called Strike
1-2: Strikes out swinging
Batting: RHB Mario Lopec 0-0: Ball
1-0: Ball
2-0: Called Strike
2-1: Swinging Strike
2-2: Strikes out swinging
Bottom of the 1st over - 0 runs, 0 hits, 0 errors, 0 left on base; University of Virginia 0 - University of Nebraska 0
TOP OF THE 2ND
University of Virginia Cavaliers batting - Pitching for University of Nebraska Cornhuskers : LHP Ed Thorpe Jr.
Batting: RHB Jonathan Summers 0-0: Foul Ball, location: 2F
0-1: Called Strike
0-2: Ball
1-2: Foul Ball, location: 2F
1-2: Fly out, F3 (Popup, 23F, EV 78.1 MPH)
Batting: RHB Fernan Tedeschi 0-0: Called Strike
0-1: Called Strike
0-2: Ball
1-2: Strikes out swinging
Batting: RHB Jeff Lairson 0-0: Ball
1-0: Swinging Strike
1-1: Swinging Strike
1-2: Foul Ball, location: 2F
1-2: Strikes out swinging
Top of the 2nd over - 0 runs, 0 hits, 0 errors, 0 left on base; University of Virginia 0 - University of Nebraska 0
BOTTOM OF THE 2ND
University of Nebraska Cornhuskers batting - Pitching for University of Virginia Cavaliers : RHP Danny Aviles
Batting: LHB Mike Rawson 0-0: Swinging Strike
0-1: Called Strike
0-2: Foul Ball, location: 2F
0-2: Ball
1-2: Ball
2-2: Foul Ball, location: 2F
2-2: Strikes out swinging
Batting: LHB Bob Appleby 0-0: Called Strike
0-1: Swinging Strike
0-2: Foul Ball, location: 2F
0-2: Ball
1-2: Foul Ball, location: 2F
1-2: Ball
2-2: Strikes out looking
Batting: RHB Alex Gonzalez 0-0: Called Strike
0-1: Ground out 3-1 (Groundball, 34S, EV 78.1 MPH)
Bottom of the 2nd over - 0 runs, 0 hits, 0 errors, 0 left on base; University of Virginia 0 - University of Nebraska 0
TOP OF THE 3RD
University of Virginia Cavaliers batting - Pitching for University of Nebraska Cornhuskers : LHP Ed Thorpe Jr.
Batting: RHB Sal Ochoa 0-0: Ball
1-0: Ball
2-0: Foul Ball, location: 2F
2-1: Foul Ball, location: 2F
2-2: Strikes out looking
Batting: RHB Dave Bartko 0-0: Foul Ball, location: 2F
0-1: Called Strike
0-2: Ground out 5-3 (Groundball, 56, EV 86.9 MPH)
Batting: RHB Kyle Beeks 0-0: Foul Ball, location: 2F
0-1: Ground out 4-3 (Groundball, 4, EV 94.4 MPH)
Top of the 3rd over - 0 runs, 0 hits, 0 errors, 0 left on base; University of Virginia 0 - University of Nebraska 0
BOTTOM OF THE 3RD
University of Nebraska Cornhuskers batting - Pitching for University of Virginia Cavaliers : RHP Danny Aviles
Batting: RHB Danny Forbes 0-0: Called Strike
0-1: SINGLE (Line Drive, 7S, EV 100.6 MPH)
Batting: RHB Sergio Andrada 0-0: Foul Ball, location: 2F
0-1: Ball
1-1: Swinging Strike
1-2: Strikes out swinging
Batting: RHB Tyler Cohen 0-0: Ball
1-0: Ball
2-0: Ball
3-0: Called Strike
3-1: Base on Balls
Danny Forbes to second
Batting: LHB Luis Ponce 0-0: Ball
1-0: Ball
2-0: Foul Ball, location: 2F
2-1: Swinging Strike
2-2: Foul Ball, location: 2F
2-2: Strikes out swinging
Batting: SHB Ed Thorpe Jr. 0-0: Swinging Strike
0-1: Ball
1-1: Foul Ball, location: 2F
1-2: Strikes out looking
Bottom of the 3rd over - 0 runs, 1 hit, 0 errors, 2 left on base; University of Virginia 0 - University of Nebraska 0
TOP OF THE 4TH
University of Virginia Cavaliers batting - Pitching for University of Nebraska Cornhuskers : LHP Ed Thorpe Jr.
Batting: RHB Adrian Kriston 0-0: Ball
1-0: Called Strike
1-1: Ball
2-1: Foul Ball, location: 2F
2-2: Fly out, F7 (Line Drive, 7LM, EV 86.9 MPH)
Batting: LHB Scott Simon 0-0: Foul Ball, location: 2F
0-1: Foul Ball, location: 2F
0-2: Foul Ball, location: 2F
0-2: SINGLE (Groundball, 6MD, EV 105.6 MPH)
Batting: RHB Corey Bosley 0-0: Ball
1-0: Ball
2-0: Ball
3-0: Called Strike
3-1: DOUBLE (Line Drive, 7LM, EV 90.6 MPH)
Scott Simon to third
Runner from 3rd tries for Home, SAFE, throw by LF to home
Batting: RHB Jonathan Summers 0-0: Ball
1-0: Ball
2-0: Foul Ball, location: 2F
2-1: 2-RUN HOME RUN (Flyball, 7LD, EV 98.1 MPH), Distance : 369 ft
Batting: RHB Fernan Tedeschi 0-0: Ball
1-0: Called Strike
1-1: Called Strike
1-2: Fly out, F9 (Flyball, 89D, EV 87.5 MPH)
Batting: RHB Jeff Lairson 0-0: Foul Ball, location: 2F
0-1: Ball
1-1: Ball
2-1: Called Strike
2-2: Strikes out swinging
Top of the 4th over - 3 runs, 3 hits, 0 errors, 0 left on base; University of Virginia 3 - University of Nebraska 0
BOTTOM OF THE 4TH
University of Nebraska Cornhuskers batting - Pitching for University of Virginia Cavaliers : RHP Danny Aviles
Batting: RHB Mario Lopec 0-0: Ball
1-0: Ball
2-0: Ball
3-0: Base on Balls
Batting: LHB Mike Rawson 0-0: Ball
Mario Lopec steals 2nd base
1-0: Ball
2-0: Called Strike
2-1: SINGLE (Flyball, 78S, EV 91.2 MPH)
Mario Lopec to third
Batting: LHB Bob Appleby 0-0: Called Strike
0-1: Ball
1-1: Fielders Choice at 2nd, 4-6 (Groundball, 4, EV 82.5 MPH)
Mario Lopec scores
Batting: RHB Alex Gonzalez 0-0: Ball
Bob Appleby steals 2nd base
1-0: Swinging Strike
1-1: Foul Ball, location: 2F
1-2: Ball
2-2: Strikes out swinging
Batting: RHB Danny Forbes 0-0: Ball
1-0: SINGLE (Groundball, 56S, EV 73.8 MPH) (infield hit)
Bob Appleby to third
Batting: RHB Sergio Andrada 0-0: Ball
1-0: Fly out, F8 (Flyball, 89M, EV 76.2 MPH)
Bottom of the 4th over - 1 run, 2 hits, 0 errors, 2 left on base; University of Virginia 3 - University of Nebraska 1
TOP OF THE 5TH
University of Virginia Cavaliers batting - Pitching for University of Nebraska Cornhuskers : LHP Ed Thorpe Jr.
Now in LF: Kevin Brannon
Batting: RHB Sal Ochoa 0-0: Ball
1-0: Foul Ball, location: 2F
1-1: Ball
2-1: Ball
3-1: Foul Ball, location: 2F
3-2: Strikes out swinging
Batting: RHB Dave Bartko 0-0: Foul Ball, location: 2F
0-1: Ball
1-1: Foul Ball, location: 2F
1-2: Foul Ball, location: 2F
1-2: Fly out, F7 (Flyball, 7D, EV 94.4 MPH)
Batting: RHB Kyle Beeks 0-0: Swinging Strike
0-1: Ball
1-1: Foul Ball, location: 2F
1-2: Strikes out swinging
Top of the 5th over - 0 runs, 0 hits, 0 errors, 0 left on base; University of Virginia 3 - University of Nebraska 1
BOTTOM OF THE 5TH
University of Nebraska Cornhuskers batting - Pitching for University of Virginia Cavaliers : RHP Danny Aviles
Pitching: RHP Tetahiti Nahele
Now at C: Lubos Karas
Now at 3B: Aleksander Komarek
Now in LF: Jim Rowell
Now in RF: Jeff Lairson
Batting: RHB Tyler Cohen 0-0: Fly out, F7 (Flyball, 7LS, EV 93.1 MPH)
Batting: LHB Kevin Brannon 0-0: Called Strike
0-1: Swinging Strike
0-2: Ball
1-2: Ball
2-2: Strikes out swinging
Batting: SHB Ed Thorpe Jr. 0-0: Ball
1-0: Ball
2-0: Swinging Strike
2-1: Ball
3-1: Fly out, F9 (Flyball, 9S, EV 78.1 MPH)
Bottom of the 5th over - 0 runs, 0 hits, 0 errors, 0 left on base; University of Virginia 3 - University of Nebraska 1
TOP OF THE 6TH
University of Virginia Cavaliers batting - Pitching for University of Nebraska Cornhuskers : LHP Ed Thorpe Jr.
Pitching: RHP Kevin Knickle
Now at 2B: Carlos Salazar
Pinch Hitting: RHB Dane Davis 0-0: Called Strike
0-1: Swinging Strike
0-2: Foul Ball, location: 2F
0-2: Strikes out looking
Batting: RHB Aleksander Komarek 0-0: Called Strike
0-1: Swinging Strike
0-2: Foul Ball, location: 2F
0-2: Strikes out swinging
Batting: LHB Jim Rowell 0-0: Ball
1-0: Called Strike
1-1: Ball
2-1: Ball
3-1: Foul Ball, location: 2F
3-2: Foul Ball, location: 2F
3-2: Foul Ball, location: 2F
3-2: Base on Balls
Pinch Hitting: RHB Danny Hernandez 0-0: Foul Ball, location: 2F
0-1: Ball
1-1: Called Strike
1-2: Strikes out swinging
Top of the 6th over - 0 runs, 0 hits, 0 errors, 1 left on base; University of Virginia 3 - University of Nebraska 1
BOTTOM OF THE 6TH
University of Nebraska Cornhuskers batting - Pitching for University of Virginia Cavaliers : RHP Tetahiti Nahele
Pitching: RHP Steve Blanchard
Now at 1B: Dane Davis
Now at 2B: Danny Hernandez
Pinch Hitting: LHB Jose Simental 0-0: Ball
1-0: Foul Ball, location: 2F
1-1: Foul Ball, location: 2F
1-2: Ball
2-2: Strikes out swinging
Batting: LHB Mike Rawson 0-0: Ball
1-0: Foul Ball, location: 2F
1-1: Swinging Strike
1-2: Ground out 4-3 (Groundball, 4M, EV 78.8 MPH)
Batting: LHB Bob Appleby 0-0: Called Strike
0-1: Foul Ball, location: 2F
0-2: Foul Ball, location: 2F
0-2: Strikes out swinging
Bottom of the 6th over - 0 runs, 0 hits, 0 errors, 0 left on base; University of Virginia 3 - University of Nebraska 1
TOP OF THE 7TH
University of Virginia Cavaliers batting - Pitching for University of Nebraska Cornhuskers : RHP Kevin Knickle
Pitching: RHP Javy Gonzalez
Now at C: Joe McLaughlin
Now at SS: Jose Simental
Batting: RHB Lubos Karas 0-0: Called Strike
0-1: Foul Ball, location: 2F
0-2: Ground out 4-3 (Groundball, 4, EV 88.1 MPH)
Pinch Hitting: LHB Min-Had Chau 0-0: Ball
1-0: Foul Ball, location: 2F
1-1: Foul Ball, location: 2F
1-2: Foul Ball, location: 2F
1-2: Ball
2-2: Ground out 3-1 (Groundball, 34, EV 83.1 MPH)
Batting: RHB Sal Ochoa 0-0: Ball
1-0: Foul Ball, location: 2F
1-1: Foul Ball, location: 2F
1-2: Ball
2-2: Ball
3-2: Ground out 5-3 (Groundball, 5S, EV 82.5 MPH)
Top of the 7th over - 0 runs, 0 hits, 0 errors, 0 left on base; University of Virginia 3 - University of Nebraska 1
BOTTOM OF THE 7TH
University of Nebraska Cornhuskers batting - Pitching for University of Virginia Cavaliers : RHP Steve Blanchard
Pitching: RHP Teo Alvarado
Now in RF: Min-Had Chau
Batting: RHB Carlos Salazar 0-0: Ball
1-0: Called Strike
1-1: Ball
2-1: Ball
3-1: Ground out U3 (Groundball, 3, EV 107.5 MPH)
Batting: RHB Danny Forbes 0-0: Called Strike
0-1: Swinging Strike
0-2: Fly out, F8 (Flyball, 8RM, EV 75.0 MPH)
Batting: RHB Sergio Andrada 0-0: Foul Ball, location: 2F
0-1: Called Strike
0-2: Ball
1-2: Strikes out swinging
Bottom of the 7th over - 0 runs, 0 hits, 0 errors, 0 left on base; University of Virginia 3 - University of Nebraska 1
TOP OF THE 8TH
University of Virginia Cavaliers batting - Pitching for University of Nebraska Cornhuskers : RHP Javy Gonzalez
Pitching: RHP Dana Buker
Batting: RHB Dave Bartko 0-0: Ball
1-0: Foul Ball, location: 2F
1-1: Ground out 5-3 (Groundball, 5L, EV 106.2 MPH)
Batting: RHB Kyle Beeks 0-0: Ball
1-0: Fly out, F4 (Line Drive, 4, EV 65.0 MPH)
Batting: RHB Dane Davis 0-0: Ball
1-0: Ball
2-0: Ball
3-0: Base on Balls
Batting: RHB Aleksander Komarek 0-0: Ball
1-0: Ground out 5-3 (Groundball, 56S, EV 90.0 MPH)
Top of the 8th over - 0 runs, 0 hits, 0 errors, 1 left on base; University of Virginia 3 - University of Nebraska 1
BOTTOM OF THE 8TH
University of Nebraska Cornhuskers batting - Pitching for University of Virginia Cavaliers : RHP Teo Alvarado
Pitching: RHP Lester Brown
Batting: RHB Joe McLaughlin 0-0: Called Strike
0-1: Foul Ball, location: 2F
0-2: Ball
1-2: Ball
2-2: Ball
3-2: Strikes out swinging
Batting: LHB Kevin Brannon 0-0: Foul Ball, location: 2F
0-1: Foul Ball, location: 2F
0-2: Foul Ball, location: 2F
0-2: Ball
1-2: Fly out, F9 (Flyball, 9LMF, EV 82.5 MPH)
Batting: LHB Lupe Garcia 0-0: Called Strike
0-1: Ball
1-1: Called Strike
1-2: Strikes out swinging
Bottom of the 8th over - 0 runs, 0 hits, 0 errors, 0 left on base; University of Virginia 3 - University of Nebraska 1
TOP OF THE 9TH
University of Virginia Cavaliers batting - Pitching for University of Nebraska Cornhuskers : RHP Dana Buker
Batting: LHB Jim Rowell 0-0: Ball
1-0: Ball
2-0: Fly out, F8 (Flyball, 8RD, EV 87.5 MPH)
Batting: RHB Danny Hernandez 0-0: Ground out 4-3 (Groundball, 4S, EV 86.9 MPH)
Batting: RHB Lubos Karas 0-0: Ball
1-0: Called Strike
1-1: Swinging Strike
1-2: Ball
2-2: Strikes out swinging
Top of the 9th over - 0 runs, 0 hits, 0 errors, 0 left on base; University of Virginia 3 - University of Nebraska 1
BOTTOM OF THE 9TH
University of Nebraska Cornhuskers batting - Pitching for University of Virginia Cavaliers : RHP Lester Brown
Pitching: RHP Hector Ruiz
Batting: LHB Jose Simental 0-0: Ball
1-0: Ground out 6-3 (Groundball, 6, EV 103.1 MPH)
Batting: LHB Mike Rawson 0-0: Swinging Strike
0-1: Ball
1-1: Fly out, F7 (Flyball, 7, EV 96.2 MPH)
Batting: LHB Bob Appleby 0-0: Ground out 4-3 (Groundball, 4S, EV 90.6 MPH)
Bottom of the 9th over - 0 runs, 0 hits, 0 errors, 0 left on base; University of Virginia 3 - University of Nebraska 1
Tuesday, September 13th , 2022 - OOTP Baseball 23.7 Build 88